 Dungeon Crawl Stone Soup version 0.21.1-1-g345015f (webtiles) character file.

2590 iamserjio the Nimble (level 9, -6/63 HPs)
             Began as an Octopode Monk on Apr 6, 2018.
             Was a Priest of Dithmenos.
             Engulfed by a cloud of flame (24 damage)
             ... on level 8 of the Dungeon.
             The game lasted 00:29:38 (7342 turns).

iamserjio the Nimble (Octopode Monk)                Turns: 7342, Time: 00:29:39

Health: -6/63      AC:  1    Str: 10    XL:     9   Next: 58%
Magic:  12/13      EV: 20    Int: 12    God:    Dithmenos [***...]
Gold:   518        SH:  0    Dex: 18    Spells: 6/8 levels left

rFire    . . .     SeeInvis .   C - +1 dagger (speed)
rCold    . . .     Gourm    .   (no shield)
rNeg     . . .     Faith    .   (helmet restricted)
rPois    .         Spirit   .   (no amulet)
rElec    .         Reflect  .   (no ring)
rCorr    .         Harm     .   (no ring)
MR       .....                  (no ring)
Stlth    ++++++....             (no ring)
HPRegen  0.20/turn              (no ring)
MPRegen  0.13/turn              (no ring)
                                (no ring)
                                (no ring)

@: wreathed by umbra
A: almost no armour, stealthy swim, amphibious, 8 rings, constrict 8, camouflage
1, gelatinous body 1
a: Shadow Step, Renounce Religion


You were on level 8 of the Dungeon.
You worshipped Dithmenos.
Dithmenos was most pleased with you.
You were not hungry.

You visited 2 branches of the dungeon, and saw 10 of its levels.

You collected 518 gold pieces.

Inventory:

Hand Weapons
 a - a +0 short sword
 f - a +4 shortbow
 m - a +0 whip of draining
 t - a +0 dagger
 C - a +1 dagger of speed (weapon)
Missiles
 j - 29 arrows
 k - 7 steel javelins (quivered)
 z - 52 sling bullets
 A - 2 throwing nets
Jewellery
 D - a cursed amulet of inaccuracy {unknown}
Wands
 q - a wand of paralysis (14)
 r - a wand of scattershot (2)
 u - a wand of acid (7)
Scrolls
 c - 5 scrolls of remove curse
 l - a scroll of immolation
 o - 4 scrolls of enchant weapon
 s - a scroll of enchant armour
 y - a scroll of fog {unknown}
 B - a scroll of magic mapping
Potions
 e - a potion of mutation {unknown}
 g - 5 potions of curing
 h - 6 potions of heal wounds
 i - 2 potions of cancellation
 n - a potion of invisibility
 p - a potion of magic {unknown}
 v - a potion of degeneration {unknown}
 w - a potion of brilliance {unknown}
Books
 d - a book of Minor Magic

   Spells                             Type                      Level
   a - Magic Dart                     Conjuration                  1
   b - Blink                          Translocation                2
   c - Call Imp                       Summoning                    2
   d - Slow                           Hexes                        2
   e - Conjure Flame                  Conjuration/Fire             3
   f - Mephitic Cloud                 Conjuration/Poison/Air       3
 x - a book of Cantrips

   Spells                             Type                      Level
   a - Confusing Touch                Hexes                        1
   b - Animate Skeleton               Necromancy                   1
   c - Summon Small Mammal            Summoning                    1
   d - Apportation                    Translocation                1
Comestibles
 b - 17 rations
 E - 3 chunks of flesh


   Skills:
 + Level 6.8 Fighting
 - Level 4.1 Short Blades
 * Level 8.9 Dodging
 - Level 7.0 Stealth
 + Level 5.4 Invocations


You had 6 spell levels left.
You knew the following spells:

 Your Spells              Type           Power        Failure   Level  Hunger
a - Blink                 Tloc           N/A          45%         2    ###....


Dungeon Overview and Level Annotations

Branches:
Dungeon (9/15)             Temple (1/1) D:5
   Lair: D:8-11         Orc: D:9-12

Altars:
Ashenzari
Cheibriados
Dithmenos
Fedhas
Hepliaklqana
Kikubaaqudgha
Makhleb
Nemelex Xobeh
Okawaru
Qazlal
Ru
Sif Muna
Yredelemnul

Annotations:
D:5 Curus's ghost, novice MiFi
D:6 MajorAdolf's ghost, novice DsFE
D:8 1 runed door


Innate Abilities, Weirdness & Mutations

You cannot wear most types of armour.
You are very stealthy in the water. (Stealth+)
You are amphibious.
You can wear up to eight rings at the same time.
You can use your tentacles to constrict eight enemies at once.
Your skin changes colour to match your surroundings (Stealth+).
Your rubbery body absorbs attacks. (AC +1, EV +1)


Message History

Evoke which item? (* to show all) (? for menu, Esc to quit)
Aiming: Scattershot
Press: ? - help, Shift-Dir - straight line, f/p - purple ugly thing
Aim: a purple ugly thing (moderately wounded, covered in acid, umbra, inner flame)
The burst of metal fragments hits the purple ugly thing. x3
The purple ugly thing is almost dead.
The purple ugly thing misses you.
Evoke which item? (* to show all) (? for menu, Esc to quit)
Aiming: Scattershot
Press: ? - help, Shift-Dir - straight line, f/p - purple ugly thing
Aim: a purple ugly thing (almost dead, covered in acid, umbra, inner flame)
The burst of metal fragments hits the purple ugly thing.
The purple ugly thing explodes!
The fiery explosion engulfs you!
Ouch! That really hurt!
* * * LOW HITPOINT WARNING * * *
You emit a cloud of dark smoke.
Dithmenos accepts your kill.
You are engulfed in blazing flames.
You die...

##.............(..#
###...........#.........
#.#.#....#######.......
###..#....# #......
#...###..## ....##
###..####..### ....#
#.#.....#....#### ...#
#..#...........§#####....
###.###.......§§@§§.....
###..........§§§......
###....########.....
#....... #... ...#..###.#
#. #....#.+3#..#
#....##.###... .....
#......


There were no monsters in sight!

Vanquished Creatures
  An ugly thing (D:8)
  4 sky beasts
  4 ogres
  2 phantoms (D:7)
  2 centaurs
  A big kobold (D:7)
  2 scorpions
  3 killer bees (D:7)
  A howler monkey (D:7)
  2 crimson imps
  4 jellies
  2 orc priests (D:6)
  An orc wizard (D:4)
  An iguana (D:5)
  Terence (D:3)
  6 worker ants
  A killer bee zombie (D:6)
  A hound skeleton (D:4)
  A howler monkey zombie (D:5)
  6 gnolls
  14 adders
  A shadow imp (D:7)
  4 oozes
  An adder skeleton (D:5)
  A worm (D:3)
  A dart slug (D:1)
  4 leopard geckos
  4 orcs
  3 ball pythons
  11 bats
  3 giant cockroaches
  11 goblins
  9 hobgoblins
  7 jackals
  14 kobolds
  6 quokkas
  7 frilled lizards
  2 jackal skeletons
  A leopard gecko skeleton (D:7)
  12 rats
162 creatures vanquished.

Notes
Turn   | Place    | Note
-------+----------+-------------------------------------------
     0 | D:1      | iamserjio the Octopode Monk began the quest for the Orb.
     0 | D:1      | Reached XP level 1. HP: 16/16 MP: 1/1
   122 | D:1      | Reached XP level 2. HP: 18/21 MP: 2/2
   542 | D:1      | Reached XP level 3. HP: 26/26 MP: 3/3
   916 | D:2      | Reached XP level 4. HP: 17/31 MP: 4/4
   935 | D:2      | Found a shattered altar of Ashenzari.
  1290 | D:2      | Reached XP level 5. HP: 29/37 MP: 5/5
  1778 | D:3      | Reached skill level 4 in Dodging
  1991 | D:3      | Noticed Terence
  1999 | D:3      | Killed Terence
  2085 | D:3      | Found a sparkling altar of Nemelex Xobeh.
  2095 | D:3      | Found a blossoming altar of Fedhas.
  2098 | D:3      | Found a sacrificial altar of Ru.
  2130 | D:3      | Reached XP level 6. HP: 43/43 MP: 6/6
  2408 | D:4      | Reached skill level 5 in Stealth
  2495 | D:4      | Found a deep blue altar of Sif Muna.
  2840 | D:4      | Found a sacrificial altar of Ru.
  3111 | D:5      | Entered Level 5 of the Dungeon
  3130 | D:5      | Found a staircase to the Ecumenical Temple.
  3139 | Temple   | Entered the Ecumenical Temple
  3160 | Temple   | Became a worshipper of Dithmenos the Shadowed
  3160 | Temple   | Reached * piety under Dithmenos
  3160 | Temple   | Reached ** piety under Dithmenos
  3204 | D:5      | Found a blossoming altar of Fedhas.
  3214 | D:5      | Reached skill level 5 in Dodging
  3540 | D:5      | Reached XP level 7. HP: 49/49 MP: 7/7
  3571 | D:5      | Reached skill level 1 in Invocations
  3860 | D:5      | Noticed Curus's ghost (novice MiFi)
  3945 | D:5      | Noticed a two-headed ogre
  4365 | D:6      | Found a stormy altar of Qazlal.
  4377 | D:6      | Reached skill level 5 in Fighting
  4377 | D:6      | Reached skill level 6 in Dodging
  4503 | D:6      | Reached XP level 8. HP: 55/55 MP: 9/9
  4843 | D:6      | Noticed MajorAdolf's ghost (novice DsFE)
  5640 | D:7      | Reached skill level 7 in Dodging
  5994 | D:7      | Learned a level 2 spell: Blink
  6147 | D:7      | Found an iron altar of Okawaru.
  6371 | D:7      | Reached XP level 9. HP: 62/62 MP: 12/12
  6684 | D:7      | Reached *** piety under Dithmenos
  6692 | D:7      | Reached skill level 8 in Dodging
  7232 | D:8      | Reached skill level 5 in Invocations
  7301 | D:8      | Found a runed door.
  7301 | D:8      | Noticed a sixfirhy
  7323 | D:9      | Noticed a purple ugly thing
  7342 | D:8      | Killed a purple ugly thing
  7342 | D:8      | Engulfed by a cloud of flame

Skill      XL: |  1  2  3  4  5  6  7  8  9 |
---------------+----------------------------+-----
Stealth        | 3 4 5 6 7 |  7.0
Dodging        | 4 5 6 7 8 |  8.9
Fighting       | 4 5 6 |  6.8
Short Blades   | 4 |  4.1
Invocations    | 2 4 5 |  5.4

Action                   |  1- 3 |  4- 6 |  7- 9 || total
-------------------------+-------+-------+-------++-------
Melee: Short sword       |    67 |   140 |       ||   207
       Constrict         |    13 |    32 |    27 ||    72
       Tentacles         |     7 |    27 |    53 ||    87
       Whip              |       |    11 |   228 ||   239
       Dagger            |       |       |    49 ||    49
Evoke: Wand              |       |       |     5 ||     5
  Use: Scroll            |       |    10 |     2 ||    12
       Potion            |       |       |     3 ||     3
 Stab: Sleeping          |     8 |    32 |    19 ||    59
       Distracted        |       |       |     2 ||     2
  Eat: Chunk             |       |     7 |     8 ||    15
       Ration            |       |       |     2 ||     2
Armor: Skin              |     2 |     7 |     7 ||    16
Dodge: Dodged            |    43 |    92 |   233 ||   368
